AoeStats
← branko1966

Arabia

510460901Analyzed
1v1 RM · 19h ago on Oct 1, 2026· 44m 9s· 2 players
Game mode
Random Map
Map size
Tiny (2 player)
Population
200
Speed
Normal
Resources
Standard
Victory
Conquest
Starting age
Dark Age
Ending age
Imperial Age
RankedLock teamsTeams togetherTeam positionsShared explorationLock speedFull tech treeHidden civsTurbo modeCheats
Victory
Defeat
🇪🇨 Mongols · Ecuador
644
+12
🇺🇸 Poles · United States
556
-12
branko1966
3:47 Loom
12:01 Feudal Age
12:28 Horse Collar
12:39 Double-Bit Axe
21:58 Castle Age
20:03 Padded Archer Armor
21:28 Bloodlines
21:29 Scale Barding Armor
21:36 Forging
21:17 Fletching
24:48 Crossbowman
26:10 Bow Saw
26:54 Husbandry
28:06 Heavy Plow
29:31 Light Cavalry
32:13 Thumb Ring
31:30 Elite Skirmisher
32:31 Leather Archer Armor
32:12 Bodkin Arrow
32:38 Chain Barding Armor
32:54 Iron Casting
37:53 Szlachta Privileges
39:41 Scale Mail Armor
WinyHornet8
11:00 Feudal Age
15:37 Castle Age
14:14 Double-Bit Axe
15:12 Horse Collar
15:55 Stone Mining
16:02 Gold Mining
19:44 Stone Shaft Mining
26:48 Ballistics
27:46 Wheelbarrow
27:28 Bow Saw
27:44 Fletching
27:55 Padded Archer Armor
29:23 Bodkin Arrow
30:46 Leather Archer Armor
37:43 Imperial Age
35:31 Hand Cart
36:39 Gold Shaft Mining
36:07 Heavy Plow
36:25 Murder Holes
36:45 Scale Barding Armor
37:00 Forging
37:59 Heavy Scorpion
38:43 Elite Mangudai
39:29 Bracer
39:34 Husbandry
39:47 Bloodlines
40:17 Siege Engineers
42:19 Drill
43:04 Conscription
Connection lost

Rejoining the realm…

Still unreachable

The connection could not be restored.

Session expired

The server has moved on; the page needs a fresh start.